[Event "*** Titled Tuesday Blitz"]
[Site "Chess.com"]
[Date "2018.11.06"]
[Round "2"]
[White "Alex_Terzi"]
[Black "Fy_Rakotomaharo"]
[Result "0-1"]
[WhiteElo "2470"]
[BlackElo "2381"]
[TimeControl "180+2"]
[EndTime "13:22:19 PST"]
[Termination "Fy_Rakotomaharo won by resignation"]

1. e4 e5 2. Nf3 Nc6 3. Bb5 a6 4. Ba4 d6 5. O-O Bd7 6. c3 g6 7.
d4 Bg7 8. h3 Nf6 9. Re1 O-O 10.
Nbd2 Re8 11. d5 Ne7 12. Bc2 c6 13. c4 cxd5 14. cxd5 Rc8 15. Bd3 Nh5 16. b4 Nf4 17. Bf1 Qb6 18. a3 Bb5 19. Bb2 a5 20.
Qb3 a4 21. Qd1 Qa6 22. Re3 h6 23. Ne1 f5 24. exf5 Nexd5 25. fxg6 Nxe3 26. fxe3 Nxg6 27. Bxb5 Qxb5 28. Ne4 Qc6 29. Nc3 e4 30. b5 Qc5 31.
Nxa4 Qxe3+ 32. Kh1 Bxb2 33. Nxb2 Qc3 34. Qd5+ Kh7 35.
Qf7+ Qg7 36. Qxg7+ Kxg7 37. Rd1 e3 38. Na4 e2 39.
Rb1 Rc4 40. Nb6 Rd4 41. Na4 Rxa4 42. Kg1 Rd4 43. Kf2 Rf4+ 44. Kg3 Re3+ 45. Kh2 Rf1 46. Rc1 Nf4 47. g3 Rf2+ 48. Kg1 Nxh3+ 49. Kh1 Rxg3 50. Rc7+ Kg6 51. Ng2 Rgxg2 52. Rc1 Rf1+ 0-1

[Event "*** Titled Tuesday Blitz"]
[Site "Chess.com"]
[Date "2018.11.06"]
[Round "2"]
[White "danyuffa"]
[Black "Polish_fighter3000"]
[Result "1-0"]
[WhiteElo "2618"]
[BlackElo "2979"]
[TimeControl "180+2"]
[EndTime "13:22:24 PST"]
[Termination "danyuffa won by resignation"]

1. d4 Nf6 2. c4 e6 3. g3 c5 4. d5 exd5 5. cxd5 d6 6. Nc3 g6 7. Bg2 Bg7 8. Nf3 O-O 9. O-O Re8 10. Bf4 Na6 11. Re1 Ne4 12. Nxe4 Rxe4 13. Nd2 Rb4 14. a3 Rxf4 15. gxf4 Bxb2 16. Rb1 Bxa3 17. e4 Bb4 18. e5 Bf5 19. Be4 Bh3 20. Re3 Qh4 21. Nc4 Qxf4 22. Nxd6 Qxe5 23. Nxf7 Qf4 24. d6 Be6 25. d7 Bxf7 26.
d8=Q+ Rxd8 27. Qxd8+ Kg7 28. Bd5 Qf5 29. Rd1 Qg4+ 30.
Bg2 Nc7 31. Rd7 Ne6 32. Qe7 Ng5 33. Rg3 Qf4 34. Rxg5 c4 35. Qe5+ Qxe5 36. Rxe5 c3 37. Bd5 Kf6 38. Re4 Bxd5 39. Rxd5 a5 40. Rb5 Ba3 41.
Rc4 Bb2 42. Rxa5 Ke6 43. Rb5 Ba1 44. Kf1 Kd6 45. Ke2 h5 46. Kd3 h4 47. Rxh4 g5 48.
Rxg5 Kc7 49. Rh6 Kb8 50. Rh7 Ka8 51. Rb5 Bb2 52. Kc2 Ka7 53. Rhxb7+ Ka6 54. Rxb2 cxb2 55. Rxb2 1-0

[Event "*** Titled Tuesday Blitz"]
[Site "Chess.com"]
[Date "2018.11.06"]
[Round "2"]
[White "nochewycandy"]
[Black "PawnEatingZombie"]
[Result "0-1"]
[WhiteElo "2184"]
[BlackElo "2122"]
[TimeControl "180+2"]
[EndTime "13:22:30 PST"]
[Termination "PawnEatingZombie won by resignation"]

1. e4 e6 2. d4 d5 3. exd5 exd5 4. Nf3 Nf6 5. Bd3 c5 6. Qe2+ Be7 7. dxc5 O-O 8. O-O Bxc5 9. Bg5 h6 10. Bh4 Nc6 11.
h3 Be6 12. Nbd2 Re8 13. Qd1 Bb6 14. Nb3 g5 15. Bg3 Ne4 16. Bh2 Qf6 17. a4 a6 18. c3 Rad8 19. Nfd4 Nxd4 20. cxd4 Bxd4 21. Bxe4 dxe4 22. Nxd4 Qxd4 23. Qh5 Qf6 24. f4 exf3 25. Rxf3 Qg6 26. Qxg6+ fxg6 27. Re3 Bd5 28. Rae1 Rxe3 29. Rxe3 Bc6 30. Re2 Bxa4 31. Bc7 Rd7 32. Bb6 Bc6 33.
Kf2 Kf7 34. Bc5 Bd5 35. Rd2 Be6 36. Rxd7+ Bxd7 37. Ke3 g4 38. hxg4 Bxg4 39. g3 Ke6 40.
Kf4 Bd1 41. Bf8 h5 42. Ke4 Bc2+ 43. Kd4 Kf5 44. Be7 g5 45. b4 Kg4 46. Bd6 h4 47. gxh4 gxh4 48. Ke3 h3 49. Bh2 Kf5 50. Kd4 Be4 51.
Bc7 Bc6 52. Bh2 Ke6 53. Kc5 Kf5 54. Kd4 Bg2 55. Bc7 Kg4 56. Ke3 Bc6 57. Bh2 Kf5 58. Kd4 Ke6 59. Kc5 Kd7 60. Bg3 Bb5 61. Kb6 Ke6 62. Kc5 Kf5 63. Kd4 Kg4 64. Bc7 Kf3 65. Kc5 Kg2 66. Kb6 Bc6 67. Bh2 Kxh2 68. b5 axb5 0-1

[Event "*** Titled Tuesday Blitz"]
[Site "Chess.com"]
[Date "2018.11.06"]
[Round "2"]
[White "ChadBiryani"]
[Black "FranciscodelaF"]
[Result "1-0"]
[WhiteElo "2236"]
[BlackElo "2317"]
[TimeControl "180+2"]
[EndTime "13:22:33 PST"]
[Termination "ChadBiryani won by resignation"]

1. d4 Nf6 2. Bf4 e6 3. e3 c5 4. c3 Nc6 5. Nd2 d5 6. Bd3 Bd6 7. Bg3 O-O 8. f4 b6 9. Ngf3 Ne7 10. O-O Nf5 11. Bxf5 exf5 12. Ne5 Ne4 13. Nxe4 fxe4 14.
dxc5 Bxc5 15. Nc6 Bxe3+ 16. Kh1 Qd6 17. Qxd5 Qxd5 18. Ne7+ Kh8 19. Nxd5 Bc5 20. f5 Bb7 21. Nf4 Rad8 22. Rad1 Ba6 23. Rfe1 Rxd1 24. Rxd1 Re8 25. Re1 Kg8 26. Nd5 Bd3 27. Nf4 Bb5 28. b3 a5 29. c4 Bc6 30. f6 gxf6 31. Nh5 Bd4 32.
Bh4 e3 33. Nxf6+ Bxf6 34. Bxf6 e2 35. Kg1 Re6 36. Bc3 Re3 37. Bd2 Re6 38. g3 Bf3 39. Kf2 Bg4 40. Kg2 f5 41. h3 Bh5 42. Kf2 Kf7 43. Rg1 Kg6 44. g4 fxg4 45. hxg4 e1=Q+ 46. Bxe1 Rf6+ 47. Ke3 Re6+ 48. Kd2 Rd6+ 49. Kc2 Kg5 50.
gxh5+ Kxh5 51. Bd2 h6 52. Rh1+ Kg4 53. Rxh6 Rxh6 54. Bxh6 1-0

[Event "*** Titled Tuesday Blitz"]
[Site "Chess.com"]
[Date "2018.11.06"]
[Round "2"]
[White "hypert"]
[Black "51616516516"]
[Result "1/2-1/2"]
[WhiteElo "2348"]
[BlackElo "2247"]
[TimeControl "180+2"]
[EndTime "13:22:35 PST"]
[Termination "Game drawn - insufficient material"]

1. Nf3 Nf6 2. g3 g6 3. Bg2 Bg7 4. O-O O-O 5. d4 d6 6. a4 Nc6 7. a5 a6 8. d5 Nb8 9. c4 e6 10. Nc3 exd5 11. cxd5 Bf5 12. Nd4 Bg4 13. h3 Bd7 14. e4 Re8 15. Be3 c5 16. Nde2 Bb5 17. Re1 Bxe2 18. Rxe2 Nbd7 19. f4 c4 20. Bf2 Qc7 21.
g4 Nc5 22. e5 Nfd7 23. e6 Nf6 24. g5 Nh5 25. f5 gxf5 26. exf7+ Qxf7 27. Rxe8+ Rxe8 28. Bxc5 dxc5 29. d6 Nf4 30. Qf3 Bd4+ 31. Kh1 Nxg2 32.
Kxg2 Re3 33. Qf4 Re6 34. Rf1 Be5 35. Qxf5 Qxf5 36. Rxf5 Bxc3 37. bxc3 Rxd6 38. Rxc5 Rd2+ 39. Kg3 Rd3+ 40. Kg4 Rxc3 41. h4 Ra3 42. Rxc4 Rxa5 43. Rc8+ Kg7 44. Rc7+ Kg8 45. Rxb7 Ra4+ 46. Kf5 Rxh4 47.
Kf6 Rf4+ 48. Ke5 Rf7 49. Rb6 Ra7 50. Kf6 Ra8 51. g6 hxg6 52. Kxg6 a5 53. Rb3 a4 54.
Ra3 Kf8 55. Kf6 Ke8 56. Ke6 Ra6+ 57. Kd5 Kd7 58. Kc5 Kc7 59. Kb5 Kb7 60. Rxa4 Rxa4 61.
Kxa4 1/2-1/2

[Event "*** Titled Tuesday Blitz"]
[Site "Chess.com"]
[Date "2018.11.06"]
[Round "2"]
[White "Blagorod"]
[Black "aquaticpineapples"]
[Result "1-0"]
[WhiteElo "2088"]
[BlackElo "2008"]
[TimeControl "180+2"]
[EndTime "13:22:35 PST"]
[Termination "Blagorod won by checkmate"]

1. e4 d5 2. exd5 Qxd5 3. d4 Nc6 4. Nf3 Bg4 5. Be2 O-O-O 6. Be3 e5 7. c4 Qa5+ 8. Bd2 Bb4 9. d5 Bxf3 10. Bxf3 Nd4 11.
Be4 f5 12. Bc2 Bxd2+ 13. Nxd2 Nxc2+ 14. Qxc2 e4 15. O-O Nf6 16. f3 e3 17. Qxf5+ Kb8 18. Nb3 Qb4 19. Qd3 Rhe8 20. Rfe1 c6 21. Rxe3 cxd5 22.
Rxe8 Rxe8 23. cxd5 Re1+ 24. Rxe1 Qxe1+ 25. Qf1 Qe3+ 26. Qf2 Nxd5 27. Qxe3 Nxe3 28. Nd4 Kc7 29. b3 Kb6 30.
Kf2 Nd1+ 31. Ke1 Ne3 32. g4 Ka5 33. Ke2 Nd5 34. a3 Nc3+ 35. Kd3 Nb1 36. a4 Kb4 37. f4 Nc3 38. f5 Nd5 39. h4 Kc5 40. Ne6+ Kb4 41.
Nxg7 Kxb3 42. g5 Kxa4 43. f6 Kb3 44. Ke4 a5 45. Kxd5 a4 46. f7 a3 47. f8=Q a2 48.
Qf1 Kb2 49. Kc5 a1=Q 50. Qxa1+ Kxa1 51. h5 Kb2 52. g6 hxg6 53. hxg6 Ka3 54. Nf5 Ka4 55. Kb6 Kb4 56. g7 Kc4 57. g8=Q+ Kb4 58. Kxb7 Ka5 59. Qg4 Kb5 60. Nd6+ Ka5 61. Nc4+ Kb5 62.
Na3+ Ka5 63. Nc2 Kb5 64. Qd4 Ka5 65. Qb4# 1-0

[Event "*** Titled Tuesday Blitz"]
[Site "Chess.com"]
[Date "2018.11.06"]
[Round "2"]
[White "suyu28"]
[Black "AlexTriapishko"]
[Result "0-1"]
[WhiteElo "2527"]
[BlackElo "2764"]
[TimeControl "180+2"]
[EndTime "13:22:38 PST"]
[Termination "AlexTriapishko won on time"]

1. e4 c5 2. Nc3 d6 3. d4 cxd4 4. Qxd4 Nc6 5. Qd2 Nf6 6. b3 g6 7. Bb2 Bg7 8. O-O-O O-O 9. f4 Bg4 10. Nf3 Bxf3 11. gxf3 Qa5 12. Kb1 Rac8 13. h4 Nh5 14.
f5 Nb4 15. a3 Nc6 16. Bc4 Qe5 17. Rhg1 Na5 18. fxg6 Nxc4 19. gxh7+ Kh8 20. bxc4 Rxc4 21. Rg5 Qf4 22. Rxg7 Qxd2 23. Rg8+ Kxh7 24. Rg5 Qxg5 25. hxg5 Nf4 26. Nb5 Kg6 27. Bc1 Ne6 28. f4 Rxe4 29.
Nc3 Rc4 30. Nd5 Rc5 31. Nxe7+ Kh5 32. Nd5 Rb5+ 33. Ka2 Rc8 34. Rh1+ Kg4 35. c3 Rxd5 36.
Kb3 Kf5 37. Rh6 Rb5+ 38. Kc2 Rbc5 39. Bd2 Ke4 40. Rf6 R8c7 41. g6 Nd4+ 42. Kd1 fxg6 43. cxd4 Rd5 44. Re6+ Kd3 45. Rxg6 Rh7 46. Rg3+ Kxd4 47.
Kc2 Rh2 0-1

[Event "*** Titled Tuesday Blitz"]
[Site "Chess.com"]
[Date "2018.11.06"]
[Round "2"]
[White "Federtiu"]
[Black "Sanan_Sjugirov"]
[Result "1-0"]
[WhiteElo "2623"]
[BlackElo "2865"]
[TimeControl "180+2"]
[EndTime "13:22:39 PST"]
[Termination "Federtiu won by resignation"]

1. c4 e5 2. Nc3 d6 3. e3 f5 4. d4 Be7 5. b3 Nf6 6. dxe5 dxe5 7. Qxd8+ Bxd8 8. Nf3 Nc6 9. Ba3 e4 10. Ng5 h6 11.
Nh3 g5 12. O-O-O Be6 13. Be2 Be7 14. Bb2 Rd8 15. f3 exf3 16. Bxf3 Ne5 17. Bxb7 Nd3+ 18. Kc2 Nxb2 19. Kxb2 Ng4 20. Bd5 Kf7 21. Rhf1 Nxe3 22. Bxe6+ Kxe6 23. Rde1 Rd2+ 24. Kb1 f4 25. Nd5 Bc5 26.
Nhxf4+ gxf4 27. Rxf4 Rxd5 28. cxd5+ Kxd5 29. g3 h5 30. Re2 Bb6 31. Rd2+ Ke5 32. Re2 Rd8 33. Rh4 Rh8 34.
g4 Kf6 35. Rxh5 Rxh5 36. gxh5 Kg5 37. Kb2 Kxh5 38. Kc3 Kg4 39. b4 Kf3 40. Rd2 Ke4 41.
h4 Nd5+ 42. Kc4 c6 43. h5 Be3 44. Re2 Nb6+ 45. Kb3 Nd5 46. h6 Nf6 47. Kc4 Nh7 48.
a4 Kf3 49. Rxe3+ Kxe3 50. Kc5 Kd3 51. Kxc6 Kc4 52. a5 Kxb4 53. a6 Kc4 54. Kb7 Kc5 55.
Kxa7 Nf6 56. Kb7 Ne4 57. a7 Nd6+ 58. Kb8 1-0

[Event "*** Titled Tuesday Blitz"]
[Site "Chess.com"]
[Date "2018.11.06"]
[Round "2"]
[White "Bykov_Egor"]
[Black "Vuk2000"]
[Result "1-0"]
[WhiteElo "2537"]
[BlackElo "2694"]
[TimeControl "180+2"]
[EndTime "13:22:40 PST"]
[Termination "Bykov_Egor won by checkmate"]

1. d4 e6 2. c4 Nf6 3. Nf3 b6 4. g3 Ba6 5. b3 Bb4+ 6. Bd2 Be7 7. Bg2 c6 8. Bc3 d5 9. Nbd2 Nbd7 10. e4 O-O 11. e5 Ne8 12. O-O b5 13. c5 b4 14. Bxb4 Bxf1 15. Bxf1 f6 16. Bh3 f5 17. Ne1 g5 18. Nd3 Ng7 19. Bc3 a5 20. Qe2 Re8 21. b4 axb4 22. Nxb4 Qc7 23. Nb3 Ra4 24. Bf1 Rea8 25. Qb2 Nf8 26. Nd3 Qa7 27. Nb4 Qb7 28. a3 Ng6 29. Nd3 Rb8 30. Bb4 Rba8 31. Qc3 f4 32. g4 h5 33. h3 f3 34. Nb2 R4a7 35. Qxf3 Rf8 36. Qg3 Nh4 37. Be2 hxg4 38. hxg4 Qc8 39.
a4 Ng6 40. a5 Nf4 41. Bf1 Ne8 42. Nd3 Nc7 43. Nxf4 gxf4 44. Qd3 Na6 45. Qg6+ Kh8 46.
Qh6+ Kg8 47. Qg6+ Kh8 48. Qh6+ Kg8 49. Bd3 Rf7 50. Bd2 Rg7 51. Kg2 Bg5 52. Qh5 f3+ 53.
Kxf3 Qb8 54. Rh1 Qxb3 55. Qe8# 1-0

[Event "*** Titled Tuesday Blitz"]
[Site "Chess.com"]
[Date "2018.11.06"]
[Round "2"]
[White "PeshkaNavalnogo12"]
[Black "saraswathii"]
[Result "1/2-1/2"]
[WhiteElo "2466"]
[BlackElo "2301"]
[TimeControl "180+2"]
[EndTime "13:22:46 PST"]
[Termination "Game drawn - insufficient material"]

1. c4 Nc6 2. Nc3 Nf6 3. g3 g6 4. Bg2 Bg7 5. e4 d6 6. Nge2 e5 7. O-O O-O 8. f4 exf4 9. gxf4 Nh5 10. d4 Qh4 11. Qd3 Bg4 12. d5 Ne7 13. Ng3 f5 14. Bd2 fxe4 15. Ncxe4 Nf5 16. Nxh5 Bxh5 17. Bc3 Rae8 18.
Rae1 Re7 19. Bxg7 Nxg7 20. Qg3 Qxg3 21. hxg3 Nf5 22. Bh3 Rxe4 23. Rxe4 Nxg3 24. Re7 Nxf1 25. Bxf1 Rf7 26. Re8+ Kg7 27. b4 g5 28. c5 Rxf4 29. Re7+ Rf7 30. Re6 Bf3 31. cxd6 Bxd5 32. Re5 Bxa2 33.
Rxg5+ Kf6 34. Ra5 Be6 35. dxc7 Rxc7 36. Rxa7 Bd5 37. b5 Rc2 38. Ra8 h5 39. Rd8 Be4 40.
Re8 Kf5 41. Rf8+ Kg4 42. Rg8+ Kf4 43. Rf8+ Ke3 44. Rh8 Bf3 45. Re8+ Kf4 46. Rf8+ Kg3 47. Rg8+ Bg4 48. Rg7 Rc1 49. Rxb7 Bh3 50. Rg7+ Kf4 51. Rf7+ Ke3 52. b6 Rb1 53. Re7+ Kd4 54. b7 Rxf1+ 55. Kh2 Rb1 56. Kxh3 Kd5 57. Rc7 Kd6 58. Rc1 Rxb7 59. Kh4 Rb5 60. Re1 Rf5 61. Re8 Kd7 62. Rh8 Ke6 63.
Rxh5 Rf4+ 64. Kg3 Rf5 65. Rxf5 Kxf5 1/2-1/2

[Event "*** Titled Tuesday Blitz"]
[Site "Chess.com"]
[Date "2018.11.06"]
[Round "2"]
[White "grzechu96"]
[Black "abubakrtagelsir"]
[Result "0-1"]
[WhiteElo "2548"]
[BlackElo "2375"]
[TimeControl "180+2"]
[EndTime "13:23:03 PST"]
[Termination "abubakrtagelsir won by resignation"]

1. e4 d6 2. d4 Nf6 3. Nc3 g6 4. h3 Bg7 5. Be3 O-O 6. Nge2 a6 7. g4 b5 8. Bg2 Bb7 9. a3 e5 10. O-O Nc6 11. f4 exd4 12. Nxd4 Nxd4 13. Bxd4 c5 14. Bf2 b4 15. axb4 cxb4 16. Nd5 Nxd5 17. exd5 Bxb2 18. Rb1 Bc3 19. Bd4 Qc7 20. Kh1 a5 21. f5 Ba6 22.
Rf3 Bxd4 23. Qxd4 Qxc2 24. Rg1 Qc5 25. Qf6 Rae8 26. h4 Re3 27. h5 Rxf3 28. Bxf3 Qe3 29. Rg3 Be2 30. Kg2 Bxf3+ 31. Rxf3 Qe2+ 32. Kg3 Qe5+ 33. Qxe5 dxe5 34. Re3 f6 35. hxg6 hxg6 36. fxg6 Kg7 37. g5 a4 38. gxf6+ Rxf6 39. Re4 Rb6 40. d6 a3 41. d7 Rd6 42. Rxb4 Rxd7 43. Ra4 Rd3+ 44.
Kg4 Kxg6 45. Ra6+ Kf7 46. Kf5 Re3 47. Ra7+ Ke8 48. Ke6 Kd8 49. Kd6 Kc8 50. Kc6 Kb8 51. Ra4 Rd3 52. Rb4+ Kc8 53. Ra4 Kd8 54. Kc5 Ke7 55.
Ra6 e4 56. Kc4 Kd7 57. Ra8 Ke6 58. Re8+ Kf5 59. Rf8+ Ke5 60. Re8+ Kf4 61. Rf8+ Ke3 62. Ra8 Kd2 0-1

[Event "*** Titled Tuesday Blitz"]
[Site "Chess.com"]
[Date "2018.11.06"]
[Round "2"]
[White "MatyChess1"]
[Black "enriquetejedor"]
[Result "0-1"]
[WhiteElo "2506"]
[BlackElo "2454"]
[TimeControl "180+2"]
[EndTime "13:23:08 PST"]
[Termination "enriquetejedor won by resignation"]

1. d4 d5 2. Nf3 Nf6 3. Bf4 c5 4. e3 Nc6 5. Nbd2 cxd4 6. exd4 Bf5 7. c3 e6 8. Qb3 Qc8 9. Nh4 Bg6 10. h3 Be7 11.
Nxg6 hxg6 12. Bd3 O-O 13. O-O Qd7 14. Nf3 Bd6 15. Ne5 Qc7 16. Rae1 Nd7 17. Nxd7 Qxd7 18. Be3 a6 19. a4 Na5 20. Qa2 b5 21. axb5 axb5 22.
Ra1 Qb7 23. Qb1 Nc4 24. Rxa8 Rxa8 25. Bc1 Be7 26. Qc2 Nd6 27. Bd2 b4 28. cxb4 Rc8 29.
Qb3 Nb5 30. Be3 Bf6 31. Qd1 Nxd4 32. Bxg6 Qxb4 33. Bb1 Qxb2 34. Qh5 Nc2 35. Rc1 Rc4 36.
Bf4 Rxf4 37. Rf1 Rf5 38. Qe2 Na3 39. Qxb2 Bxb2 40. Bxf5 exf5 41. Rd1 d4 42. Kf1 Bc3 43.
Ke2 g6 44. Kd3 Nb5 45. g4 fxg4 46. hxg4 Kg7 47. f4 Nd6 48. Rb1 Kf6 49. Rb6 Ke6 50.
Ra6 Kd5 51. Ra7 Ke6 52. Ra6 f6 53. Rb6 g5 54. fxg5 fxg5 55. Ra6 Ke5 56. Rb6 Ne8 57. Rb1 Nf6 58. Rg1 Ba5 59. Rg2 Bd8 60. Rg1 Nd5 61.
Re1+ Ne3 62. Rf1 Nxf1 0-1

[Event "*** Titled Tuesday Blitz"]
[Site "Chess.com"]
[Date "2018.11.06"]
[Round "2"]
[White "Jospem"]
[Black "Maikrosoft63"]
[Result "1-0"]
[WhiteElo "2815"]
[BlackElo "2538"]
[TimeControl "180+2"]
[EndTime "13:23:09 PST"]
[Termination "Jospem won by resignation"]

1. e4 c5 2. Nf3 Nc6 3. d4 cxd4 4. Nxd4 Nf6 5. Nc3 d6 6. Bg5 e6 7. Qd2 Be7 8. O-O-O O-O 9. f4 h6 10. Bxf6 Bxf6 11. Ndb5 Qa5 12. Kb1 Rd8 13. Bc4 a6 14. Nxd6 b5 15. e5 Nxe5 16. fxe5 Bxe5 17. Qf2 Rxd6 18. Rxd6 Bxd6 19. Bb3 Bb7 20. Rf1 Qc7 21. g4 Be5 22. Ne2 Rd8 23. Ng3 Bf6 24. Nh5 Bd4 25. Qh4 Be4 26. g5 Bg6 27. gxh6 gxh6 28. Nf4 Bf5 29. Rd1 Bf6 30. Rg1+ Bg5 31. Qf2 Kh8 32. Nd3 Bxd3 33. cxd3 Rxd3 34. h4 Rd2 35. Qf3 Qf4 36.
Qa8+ Kg7 37. hxg5 hxg5 38. Qc8 Rf2 39. Qc3+ f6 40. a3 Rf1+ 41. Rxf1 Qxf1+ 42. Ka2 g4 43. Bxe6 Qf4 44. Qc8 g3 45. Qg8+ Kh6 46. Bf7 Qf5 47.
Qxg3 a5 48. Qh2+ Kg7 49. Qc7 Kh6 50. Qxa5 Qd7 51. Bb3 f5 52. Qe1 Kg5 53. Qg3+ Kf6 54. Qf4 Qd3 55. Qh6+ Ke5 56. Qg7+ Kf4 57. Qc3 Qd6 58.
Qb4+ Qxb4 59. axb4 Ke3 60. Bd5 f4 61. Kb3 f3 62. Bc6 f2 63. Bxb5 1-0

[Event "*** Titled Tuesday Blitz"]
[Site "Chess.com"]
[Date "2018.11.06"]
[Round "2"]
[White "Kangoroo3000"]
[Black "jacky72"]
[Result "0-1"]
[WhiteElo "2516"]
[BlackElo "2695"]
[TimeControl "180+2"]
[EndTime "13:23:11 PST"]
[Termination "jacky72 won by resignation"]

1. d4 Nf6 2. c4 g6 3. Nc3 Bg7 4. e4 d6 5. Be2 O-O 6. Be3 Na6 7. Nf3 e5 8. d5 Nc5 9. Nd2 a5 10. g4 b6 11. h4 Ne8 12. h5 f5 13. hxg6 hxg6 14.
gxf5 gxf5 15. exf5 Bxf5 16. Nb3 Nf6 17. Qd2 Nfe4 18.
Qc1 Nxc3 19. Qxc3 Ne4 20. Qc1 Qf6 21. Rg1 Bh7 22. Rg2 Qh4 23. Nd2 Qh1+ 24. Bf1 Nc5 25.
Bxc5 bxc5 26. Qc3 Kh8 27. O-O-O a4 28. Qg3 Qh6 29. Rh2 Qf4 30. Bd3 e4 31. Bxe4 Qxg3 32. Rxh7+ Kg8 33. fxg3 Rae8 34. Rdh1 Rf2 35. R7h2 Rf6 36.
g4 a3 37. b3 Rf4 38. Bf5 Re3 39. Be6+ Kf8 40. Rh3 Re2 41. R1h2 Re1+ 42. Kc2 Ra1 43. Rf3 Rxa2+ 44. Kb1 Ra1+ 45. Kc2 Rxf3 46. Nxf3 a2 47. Nd2 Rc1+ 48. Kxc1 a1=Q+ 49. Kc2 Qb2+ 50. Kd3 Qd4+ 51. Ke2 Qe5+ 52. Kd3 Qxh2 53. Ne4 Qb2 54. Ng5 Qxb3+ 55. Ke4 Qc2+ 56. Kf4 Be5+ 57. Kf3 Qd3+ 58. Kf2 Bd4+ 59. Kg2 Qe2+ 60. Kg3 Be5+ 61. Kh4 Qh2+ 62. Nh3 Qg3+ 63. Kg5 Qxh3 0-1

[Event "*** Titled Tuesday Blitz"]
[Site "Chess.com"]
[Date "2018.11.06"]
[Round "2"]
[White "champ2005"]
[Black "GadimbayliA"]
[Result "1/2-1/2"]
[WhiteElo "2755"]
[BlackElo "2641"]
[TimeControl "180+2"]
[EndTime "13:23:12 PST"]
[Termination "Game drawn by repetition"]

1. e4 e6 2. d4 d5 3. Nc3 Bb4 4. e5 c5 5. a3 Bxc3+ 6. bxc3 Ne7 7. Qg4 Qc7 8. Bd3 c4 9. Be2 Nf5 10. Nf3 Nc6 11. a4 Qa5 12. Bd2 Bd7 13. O-O b6 14. Nh4 Nfxd4 15. Bd1 Rg8 16. Be1 Nf5 17. Nxf5 exf5 18.
Qh4 h6 19. f4 Be6 20. Bf3 Ne7 21. Bd2 Rd8 22. Rfb1 Qc5+ 23. Kh1 Bd7 24. Qe1 Qa5 25. Be3 g5 26. Qd2 g4 27. Be2 Bc6 28. Bd4 Ng6 29.
Qe3 Nf8 30. Rb4 Ne6 31. Rab1 Rb8 32. Qd2 h5 33. Qe3 h4 34. R4b2 Rh8 35. Ra1 h3 36. g3 Kf8 37. Kg1 Ke7 38. Rb4 Rhd8 39. Qd2 Nc5 40. Qe3 Ne4 41. Bxg4 fxg4 42. f5 Rg8 43.
Rf1 Bd7 44. e6 fxe6 45. f6+ Kd6 46. Qf4+ Kc6 47. f7 Rgf8 48. Bg7 Qc5+ 49. Kh1 Qe7 50. Bxf8 Rxf8 51. a5 Nd6 52. axb6 axb6 53. Qe3 Qd8 54. Rfb1 Nc8 55. Rf1 Qe7 56. Rfb1 Qc5 57. Qf4 Qe7 58. Qe3 Qd8 59. Rf1 Qe7 60. Rfb1 1/2-1/2

[Event "*** Titled Tuesday Blitz"]
[Site "Chess.com"]
[Date "2018.11.06"]
[Round "2"]
[White "mitrabhaa"]
[Black "Muisback26"]
[Result "0-1"]
[WhiteElo "2620"]
[BlackElo "2819"]
[TimeControl "180+2"]
[EndTime "13:23:17 PST"]
[Termination "Muisback26 won by resignation"]

1. Nf3 Nf6 2. b3 g6 3. Bb2 Bg7 4. g3 O-O 5. Bg2 d5 6. O-O c5 7.
e3 Nc6 8. c4 d4 9. exd4 cxd4 10. d3 a5 11. Nbd2 Bf5 12. Ne1 Nd7 13.
Ne4 a4 14. Nc2 axb3 15. axb3 Rxa1 16. Qxa1 Bxe4 17. Bxe4 Nc5 18. Bxc6 bxc6 19. b4 Nxd3 20. Bxd4 e5 21. Be3 e4 22. Qa6 Ne5 23. Nd4 Qd7 24. Kg2 h5 25. h4 Re8 26. b5 c5 27. Nc6 Nxc4 28. Bxc5 e3 29. Ne7+ Rxe7 30. Bxe7 Qxe7 31.
Qc8+ Kh7 32. Qxc4 exf2 33. Rxf2 f5 34. Qc6 Qe3 35. Qf3 Qc5 36. Qb3 Bd4 37. Rc2 Qe5 38. Ra2 Qe4+ 39. Qf3 Qb1 40. Rd2 Qg1+ 41. Kh3 Be5 42.
Qg2 Qa7 43. Qf2 Qb7 44. b6 f4 45. gxf4 Qh1+ 46. Kg3 Bf6 47. Qh2 Qe1+ 48. Kf3 Qb1 49. Qf2 Kh6 50. Qe3 Qh1+ 51. Ke2 Qg2+ 52. Kd3 Qd5+ 53.
Kc2 Qc4+ 54. Kb1 Qb5+ 55. Kc1 Qc4+ 56. Rc2 Qf1+ 57. Kd2 Qg2+ 58. Qe2 Qd5+ 59. Kc1 Qh1+ 60. Qd1 Qh3 61. Qd5 Qe3+ 62. Kd1 Qxb6 63. Qf7 Qg1+ 64. Kd2 Qf2+ 65. Kd1 Qf1+ 66. Kd2 Qxf4+ 67. Kd3 Qf5+ 68. Kd2 Bc3+ 0-1

[Event "*** Titled Tuesday Blitz"]
[Site "Chess.com"]
[Date "2018.11.06"]
[Round "2"]
[White "severomorskij"]
[Black "maximlavrov"]
[Result "1/2-1/2"]
[WhiteElo "2711"]
[BlackElo "2535"]
[TimeControl "180+2"]
[EndTime "13:23:25 PST"]
[Termination "Game drawn by repetition"]

1. d4 g6 2. e4 Bg7 3. Nc3 d6 4. Be3 a6 5. Qd2 b5 6. h4 h5 7. Bd3 Nd7 8. a4 b4 9. Nce2 c5 10. c3 bxc3 11. bxc3 Bb7 12. Nh3 Ngf6 13. f3 Qc7 14.
O-O O-O 15. Bh6 a5 16. Bxg7 Kxg7 17. Ng5 Ba6 18. Nf4 Qa7 19. Bxa6 Qxa6 20. Rfe1 cxd4 21.
cxd4 e5 22. dxe5 dxe5 23. Nd5 Rfc8 24. Kh2 Qd6 25. Rad1 Nxd5 26. Qxd5 Qxd5 27. Rxd5 Ra7 28. Rb1 Rc4 29. Rbd1 Nf6 30. Rxe5 Rxa4 31. Rc5 Rb4 32. Ra1 a4 33. Rc3 Nd7 34. Kg3 Ne5 35.
Kf4 Nc4 36. g4 hxg4 37. Kxg4 a3 38. h5 gxh5+ 39. Kxh5 a2 40. Rc2 Rb2 41. Rxc4 Rb1 42. Rxa2 Rxa2 43. Rc7 Rh1+ 44. Kg4 Kg8 45. Kf5 Rf2 46. e5 Rh6 47. f4 Rh4 48. Rc4 Kg7 49. Rd4 Rf1 50. Rc4 Kf8 51. Rc8+ Ke7 52. Rc7+ Ke8 53.
Rc4 Rf2 54. Rb4 Rf1 55. Ra4 Rf2 56. Rb4 Rf1 57. Ra4 Rf2 58. Rb4 Rf1 59. Ra4 Rf2 60.
e6 fxe6+ 61. Nxe6 Kd7 62. Ra7+ Kd6 63. Ra6+ Kd7 64. Ra7+ Kd6 65. Ra6+ Kd7 66. Ra7+ Kd6 67. Ra6+ Kd7 68. Ra7+ Kd6 69. Ra6+ Kd7 70. Ra7+ 1/2-1/2

[Event "*** Titled Tuesday Blitz"]
[Site "Chess.com"]
[Date "2018.11.06"]
[Round "2"]
[White "ajkom197"]
[Black "gmjlh"]
[Result "1/2-1/2"]
[WhiteElo "2335"]
[BlackElo "2623"]
[TimeControl "180+2"]
[EndTime "13:23:25 PST"]
[Termination "Game drawn by agreement"]

1. d4 d5 2. Nf3 Nf6 3. g3 Bf5 4. Bg2 e6 5. O-O h6 6. b3 Be7 7. Bb2 O-O 8. Nbd2 c5 9. c4 cxd4 10. Nxd4 Bh7 11. cxd5 Nxd5 12. e4 Nb4 13. Qe2 N8c6 14.
Nxc6 Nxc6 15. Rfd1 Qa5 16. Nc4 Qa6 17. Qg4 Bg6 18. h4 h5 19. Qe2 Rad8 20. Bf3 Rxd1+ 21. Qxd1 Rd8 22. Qe2 Nd4 23. Bxd4 Rxd4 24. Bxh5 Bxe4 25. Ne5 Qxe2 26. Bxe2 Rd2 27. Bf3 Bf5 28. Nc4 Rd7 29.
Rd1 Rxd1+ 30. Bxd1 b6 31. Kf1 Bc5 32. Ke2 Kf8 33.
Ne3 Be4 34. Bc2 Bb7 35. Bd3 Ke7 36. Nc4 Bd4 37. Nd2 f5 38. Nf3 Bc3 39. Nd2 Kf6 40. Bc4 e5 41. a4 e4 42. Nf1 Ke5 43. Ne3 Bc8 44. Bg8 Bd4 45. Nc4+ Kf6 46. Nd6 Bd7 47.
Nb5 Bxb5+ 48. axb5 Ke5 49. Bc4 Bc5 50. Bg8 Bd6 51. Bf7 f4 52. gxf4+ Kxf4 53. h5 Bc5 54. Be8 Ke5 55. Bf7 Kd4 56. f3 e3 57. Bg8 Bd6 58. Bf7 Bf4 59. Bg8 Kc3 60. Bc4 Kb4 61. Kd3 Kc5 62. Ke2 Kd4 63. Bg8 Ke5 64. Bc4 Kd6 65. Bg8 Kc7 66. Bf7 Kd7 67. Bg8 Kd8 68. Bf7 Kc7 69.
Bg8 Kb7 70. Bf7 a6 71. bxa6+ Kxa6 72. Bg8 Ka5 73. Bf7 Kb4 74. Bg8 b5 75. Bf7 Kc5 76. Bg8 Kd4 77. Bf7 Bd6 78. Be8 b4 79.
Bf7 Bf4 80. Bg8 Bg5 81. Bf7 1/2-1/2

[Event "*** Titled Tuesday Blitz"]
[Site "Chess.com"]
[Date "2018.11.06"]
[Round "2"]
[White "NTBT_DHS"]
[Black "Arjun2002"]
[Result "1-0"]
[WhiteElo "2730"]
[BlackElo "2341"]
[TimeControl "180+2"]
[EndTime "13:23:28 PST"]
[Termination "NTBT_DHS won by resignation"]

1. d4 d5 2. c4 c6 3. Nf3 Nf6 4. e3 Bf5 5. Nc3 e6 6. Nh4 Be4 7. f3 Bg6 8. Qb3 Qc7 9. Bd2 a6 10. Rc1 dxc4 11. Bxc4 Be7 12. g3 Nbd7 13. O-O b5 14.
Be2 c5 15. Nxg6 hxg6 16. dxc5 Bxc5 17. Kg2 Qb7 18. e4 Bd4 19. Rfd1 O-O 20. Bf4 e5 21.
Bg5 Nc5 22. Qb4 Nfd7 23. Nd5 Ne6 24. Be7 Rfc8 25. a4 Nb6 26. axb5 Nxd5 27. exd5 Qxd5 28. bxa6 Rcb8 29. Qa3 Qd7 30. Bb4 f5 31. Bc4 Kh7 32.
Bc3 Ng5 33. Bxd4 exd4 34. h4 Nf7 35. Bxf7 Qxf7 36. Rxd4 Qf6 37. Rd6 Qxb2+ 38. Qxb2 Rxb2+ 39. Kh3 Ra2 40. Rcc6 Ra3 41. Rxg6 Rxf3 42. h5 Ra3 43. Rc7 R8xa6 44. Rcxg7+ Kh8 45. Rg8+ Kh7 46. R6g7+ Kh6 47.
Rg5 f4 48. Kh4 Kh7 49. gxf4 R3a4 50. Kg4 Rf6 51. R5g7+ Kh6 52. Rg6+ Rxg6+ 53. hxg6 Ra5 54. f5 Ra4+ 55. Kf3 Kg5 56. Rf8 Ra3+ 57. Ke4 Ra4+ 58. Kd3 Ra3+ 59. Kd4 Ra4+ 60. Kc3 Ra3+ 61. Kb4 Ra7 62.
Rf7 Ra8 63. g7 Kh6 64. Rf8 Ra1 65. g8=Q Rb1+ 66. Kc3 Rc1+ 67. Kd2 1-0